 Dungeon Crawl Stone Soup version 0.32-a0-765-gfba4d74c8c (webtiles) character file.

Game seed: 7224652530327506588

3 GordonOverkill the Sneak (level 1, -7/18 HPs)
             Began as a Demonspawn Delver on Mar 18, 2024.
             Killed by divine providence
             ... invoked by an orc priest
              (9 damage)
             ... on level 4 of the Dungeon.
             The game lasted 00:01:17 (181 turns).

GordonOverkill the Sneak (Demonspawn Delver)         Turns: 181, Time: 00:01:18

Health: -7/18      AC:  3    Str: 12    XL:     1   Next: 41%
Magic:  1/1        EV: 10    Int: 10    God:
Gold:   0          SH:  0    Dex: 14    Spells: 0/0 levels left

rFire   . . .        i - +0 war axe
rCold   . . .        (no shield)
rNeg    . . .        b - +0 leather armour
rPois   .            (no helmet)
rElec   .            (no cloak)
rCorr   .            (no gloves)
SInv    .            (no boots)
Will    .....        (no amulet)
Stlth   ++           (no ring)
HPRegen 0.23/turn    (no ring)
MPRegen 0.07/turn

%: no passive effects
@: no status effects
A: no striking features
a: Convert to Beogh


You were on level 4 of the Dungeon.
You visited 1 branch of the dungeon, and saw 4 of its levels.

Inventory:

Hand Weapons
 i - a +0 war axe (weapon)
Armour
 b - a +0 leather armour (worn)
 j - a +0 scale mail
Wands
 g - a wand of digging (3)
Scrolls
 c - a scroll of fog
 d - a scroll of revelation
 h - a scroll of enchant weapon {unknown}
Potions
 f - a potion of haste


   Skills:
 - Level 3.0 Fighting
 + Level 2.1 Axes
 - Level 1.7 Dodging
 - Level 4.5 Stealth


You couldn't memorise any spells.
You didn't know any spells.
Your spell library was empty.

Dungeon Overview and Level Annotations

Branches:
Dungeon (7/15)
 Temple: D:4-7

Altars:


Message History

* * * LOW HITPOINT WARNING * * *
The ball python barely misses you.
The orc priest shouts, "Beogh offers mercy even to people such as you.
Join us and be reborn!" (press Y on the ability menu to convert to Beogh) Unknown command.
The ball python misses you. The ball python grabs you.
The ball python constricts you.
* * * LOW HITPOINT WARNING * * *
The ball python's grasp on you weakens, but your attempt to escape fails.
The ball python bites you.
* * * LOW HITPOINT WARNING * * *
The ball python constricts you.
* * * LOW HITPOINT WARNING * * *
You escape the ball python's grasp.
The ball python attacks as it pursues you!
The ball python bites you but does no damage.
The ball python closely misses you.
You hit the ball python.
You kill the ball python!
Your Axes skill increases to level 2!
The kobold closely misses you.
You see here a ball python corpse.
You hit the kobold.
You kill the kobold!
It was a potion of magic.
Magic courses through your body.
The orc priest hits you but does no damage.
The orc priest closely misses you.
You see here a ball python corpse.
You hit the orc priest.
The orc priest is moderately wounded.
The orc priest hits you with a +0 trident!
* * * LOW HITPOINT WARNING * * *
Okay, then.
Okay, then.
You barely miss the orc priest.
The orc priest is moderately wounded.
The orc priest calls down the wrath of Beogh upon you.
Beogh smites you!
Ouch! That really hurt!
You die...

##### #...#
#...# #...#
#...######
#........####
#...####o@..#
#...## ####..#
#....# #..#
#....## #..#
####..########.#
##...#..B.....
###.#..# ##.
#.o# ##o# ##


You could see an orc priest.

Vanquished Creatures
  A giant cockroach (D:4)
  A kobold (D:4)
  A ball python (D:4)
3 creatures vanquished.

Notes
Turn   | Place    | Note
-------+----------+-------------------------------------------
     0 | D:5      | GordonOverkill the Demonspawn Delver began the quest for
                  | the Orb.
     0 | D:5      | Reached XP level 1. HP: 18/18 MP: 1/1
     2 | D:6      | Noticed a sky beast
    27 | D:5      | Noticed an orc wizard
    56 | D:6      | Noticed a wight
    56 | D:6      | Noticed a wight
    56 | D:6      | Noticed a wight
    76 | D:7      | Noticed a bullfrog
   121 | D:5      | Noticed an iguana
   134 | D:4      | Noticed a hound
   141 | D:4      | Noticed an orc wizard
   141 | D:4      | Noticed an orc wizard
   141 | D:4      | Noticed an orc priest
   181 | D:4      | Killed from afar by an orc priest

Illustrated notes

Levels and vault maps discovered:
D:4:      layout_rooms, nicolae_ru_the_path_less_chosen,
          hangedman_abyss_or_decor_passed, uniq_menkaure, uniq_eustachio
D:5:      layout_loops_ring, minmay_temple_entry_butterflies,
          serial_bayou_ford_a, serial_bayou_lake_a
D:6:      layout_loops_ring, minmay_misc_feat_tower, kennysheep_another_room,
          minmay_misc_feat_room
D:7:      layout_rooms, lightli_bailey_entry_fortress, uniq_jeremiah,
          uniq_maggie, uniq_joseph

Skill      XL: |  1 |
---------------+----+-----
Axes           | 2 |  2.1
Fighting       | |  3.0
Dodging        | |  1.7
Stealth        | |  4.5

Action                     || total
---------------------------++-------
  Melee: War axe           ||     5
    Use: Scroll            ||     1
         Potion            ||     1
 Armour: Leather armour    ||    11
  Dodge: Dodged            ||     5

Table legend: (Time is in decaauts)
 A = Elapsed time spent in this place.
 B = Non-inter-level travel time spent in this place.
 C = Inter-level travel time spent in this place.
 D = Time resting spent in this place.
 E = Time spent auto-exploring this place.
 F = Levels seen in this place.
 G = Mean time per level.
                   A        B        C        D        E       F      G
               +--------+--------+--------+--------+--------+-----+--------+
         Total |    182 |    173 |      9 |      0 |      0 |   4 |   45.5 |
       Dungeon |    182 |    173 |      9 |      0 |      0 |   4 |   45.5 |
               +--------+--------+--------+--------+--------+-----+--------+

Top non-repeatable levels by time:
     D:5: 69 daAuts
     D:6: 63 daAuts
     D:4: 48 daAuts
     D:7: 1 daAuts
